 Dungeon Crawl Stone Soup version 0.22.1-6-g1668fe2 (webtiles) character file.

84 Fang the Skirmisher (level 4, -2/43 HPs)
             Began as a Gargoyle Berserker on Jan 25, 2019.
             Was a Believer of Trog.
             Slain by Natasha (4 damage)
             ... on level 2 of the Dungeon.
             The game lasted 00:02:14 (1395 turns).

Fang the Skirmisher (Gargoyle Berserker)            Turns: 1395, Time: 00:02:15

Health: -2/43      AC: 10    Str: 26    XL:     4   Next: 45%
Magic:  4/4        EV: 11    Int:  8    God:    Trog [**....]
Gold:   47         SH:  0    Dex:  9    Spells: 3/3 levels left

rFire    . . .     SeeInvis .   a - +0 hand axe
rCold    . . .     Gourm    .   (no shield)
rNeg     + . .     Faith    .   k - +0 scale mail
rPois    ∞         Spirit   .   (no helmet)
rElec    +         Reflect  .   (no cloak)
rCorr    .         Harm     .   (no gloves)
MR       .....                  (no boots)
Stlth    ..........             (no amulet)
HPRegen  0.14/turn              (no ring)
MPRegen  0.09/turn              (no ring)

@: berserking, slowed
A: negative energy resistance 1, electricity resistance, unbreathing,
petrification resistance, rot immunity, AC +3
a: Berserk, Trog's Hand, Renounce Religion


You were on level 2 of the Dungeon.
You worshipped Trog.
Trog was pleased with you.
You were hungry.

You visited 1 branch of the dungeon, and saw 2 of its levels.

You collected 47 gold pieces.

Inventory:

Hand Weapons
 a - a +0 hand axe (weapon)
Armour
 k - a +0 scale mail (worn)
Scrolls
 f - 2 scrolls of blinking {unknown}
 h - 4 scrolls of identify {unknown}
 i - a scroll of remove curse {unknown}
 m - a scroll of teleportation {unknown}
Potions
 b - 2 potions of flight {unknown}
 d - a potion of berserk rage {unknown}
 e - 2 potions of haste {unknown}
 g - a potion of resistance {unknown}
 j - a potion of heal wounds {unknown}
Comestibles
 c - 5 rations
 l - 3 chunks of flesh


   Skills:
 + Level 3.9 Fighting
 + Level 3.5 Axes
 + Level 2.5 Armour
 + Level 2.3 Dodging
 + Level 0.3 Stealth


You had 3 spell levels left.
You didn't know any spells.
Your spell library was empty.

Dungeon Overview and Level Annotations

Branches:
Dungeon (2/15)

Altars:

Annotations:
D:2 Natasha


Innate Abilities, Weirdness & Mutations

You are resistant to torment.
Your stone body is resilient. (AC +3)
You are immune to poison.
You resist negative energy. (rN+)
You are resistant to electric shocks. (rElec)
You can survive without breathing.
You are immune to petrification.
You are immune to rotting.


Message History

Natasha is almost dead.
Natasha mumbles some strange words.
Natasha closely misses you.
You closely miss Natasha.
Natasha is almost dead.
Natasha casts a spell.
Natasha casts a spell at you. The magic dart hits you!
* * * LOW HITPOINT WARNING * * *
You completely miss Natasha.
Natasha is almost dead.
Natasha claws you.
* * * LOW HITPOINT WARNING * * *
A red film seems to cover your vision as you go berserk!
You feel yourself moving faster!
You feel mighty!
You are feeling hungry.
Natasha claws you but does no damage. x2
You barely miss Natasha.
Natasha is almost dead.
Natasha claws you.
You die...

### ##.## ## ##.#.##
##...########.###.##
#....5h@.....## ##.#
#.%..5#######.###.###
#.... ##.#....# ##..
##.###.# ## ### #.#
###.#### #......#
####### #.#.##.# ..#
#.....# ##.......


You could see Natasha, a crimson imp and a white imp.

Vanquished Creatures
  Terence (D:2)
  2 leopard geckos (D:2)
  2 giant cockroaches (D:2)
  7 goblins
  4 hobgoblins
  4 jackals (D:2)
  5 kobolds
  A quokka (D:2)
  10 bats
  12 frilled lizards
  5 rats
53 creatures vanquished.

Notes
Turn   | Place    | Note
-------+----------+-------------------------------------------
     0 | D:1      | Fang the Gargoyle Berserker began the quest for the Orb.
     0 | D:1      | Reached XP level 1. HP: 14/14 MP: 1/1
    99 | D:1      | Reached XP level 2. HP: 14/19 MP: 2/2
   313 | D:1      | Reached ** piety under Trog
   475 | D:1      | Reached XP level 3. HP: 19/24 MP: 3/3
  1125 | D:2      | Noticed Terence
  1151 | D:2      | Killed Terence
  1151 | D:2      | Reached XP level 4. HP: 26/29 MP: 4/4
  1375 | D:2      | Noticed Natasha
  1393 | D:2      | HP: 1/29 [Natasha (2)]
  1395 | D:2      | Slain by Natasha

Skill      XL: |  1  2  3 |
---------------+----------+-----
Axes           | 3 |  3.5
Dodging        | 2 |  2.3
Fighting       | |  3.9
Armour         | |  2.5
Stealth        | |  0.3

Action                   |  1- 3 |  4- 6 || total
-------------------------+-------+-------++-------
Melee: Hand axe          |   145 |    36 ||   181
Invok: Berserk           |     1 |     1 ||     2
 Stab: Sleeping          |     1 |       ||     1
  Eat: Chunk             |     2 |     1 ||     3
Armor: Animal skin       |    41 |       ||    41
       Scale mail        |    44 |    16 ||    60
Dodge: Dodged            |   124 |    19 ||   143
